 Dungeon Crawl Stone Soup version 0.20.0-15-g7f486f2 (webtiles) character file.

969 Gorglomux the Covert (level 8, -2/36 HPs)
             Began as a Kobold Enchanter on June 9, 2017.
             Was a Follower of Uskayaw.
             Slain by an orc wizard
             ... wielding a +0 dagger
              (4 damage)
             ... on level 6 of the Dungeon.
             The game lasted 00:12:35 (5877 turns).

Gorglomux the Covert (Kobold Enchanter)             Turns: 5877, Time: 00:12:36

Health: -2/36      AC:  4    Str:  6    XL:     8   Next: 38%
Magic:  11/11      EV: 15    Int: 20    God:    Uskayaw [*.....]
Gold:   293        SH:  0    Dex: 17    Spells: 5/11 levels left

rFire    . . .     SeeInvis .   L - +0 dagger (venom)
rCold    . . .     Gourm    .   (shield restricted)
rNeg     . . .     Faith    .   b - +0 robe
rPois    +         Spirit   .   (no helmet)
rElec    .         Reflect  .   (no cloak)
rCorr    .         Harm     .   K - +1 pair of gloves
MR       +....     Rnd*Rage +   (no boots)
Stlth    +++++.....             P - amulet of rage
Regen    0.2/turn               m - ring of protection from magic
MPRegen  0.2/turn               o - ring of poison resistance

@: no status effects
A: agile 1, berserk 1, carnivore 3, clever 1, frail 1
a: Stomp, Renounce Religion, Evoke Berserk Rage


You were on level 6 of the Dungeon.
You worshipped Uskayaw.
Uskayaw was noncommittal.
You were full.

You visited 1 branch of the dungeon, and saw 6 of its levels.

You collected 293 gold pieces.

Inventory:

Hand Weapons
 a - a +1 dagger
 L - a +0 dagger of venom (weapon)
Missiles
 M - 5 curare-tipped needles
Armour
 b - a +0 robe (worn)
 K - a +1 pair of gloves (worn)
Jewellery
 m - a ring of protection from magic (left hand)
 o - a ring of poison resistance (right hand)
 J - an uncursed ring of positive energy
 P - an amulet of rage (around neck)
 U - a +4 ring of intelligence
Scrolls
 B - a scroll of enchant weapon
 D - 4 scrolls of remove curse {unknown}
 E - a scroll of enchant armour {unknown}
 F - a scroll of fog {unknown}
 G - 2 scrolls of noise {unknown}
 I - 2 scrolls of teleportation {unknown}
 N - 2 scrolls of blinking {unknown}
 X - a scroll of fear {unknown}
Potions
 C - a potion of agility
 O - a potion of mutation {!q}
 T - a potion of might
 V - a potion of cancellation
 W - a potion of heal wounds {unknown}
 Y - a potion of haste
 Z - 2 potions of resistance
Books
 c - a book of Maledictions

   Spells                             Type                      Level
   a - Corona                         Hexes                        1
   b - Ensorcelled Hibernation        Hexes/Ice                    2
   c - Confuse                        Hexes                        3
   d - Tukima's Dance                 Hexes                        3
   e - Dazzling Spray                 Conjuration/Hexes            3
Comestibles
 z - 4 meat rations
 H - a royal jelly


   Skills:
 + Level 8.5 Short Blades
 - Level 2.4 Dodging
 + Level 10.0 Stealth
 - Level 2.1 Spellcasting
 - Level 3.0 Hexes


You had 5 spell levels left.
You knew the following spells:

 Your Spells              Type           Power        Failure   Level  Hunger
a - Corona                Hex            ##.....      4%          1    #......
x - Confuse               Hex            ##......     14%         3    ###....
z - Ensorcelled Hibernat  Hex/Ice        #.....       13%         2    ##.....


Dungeon Overview and Level Annotations

Branches:
Dungeon (6/15)             Temple (0/1) D:4

Altars:
Gozag
Okawaru
Ru
Sif Muna
Uskayaw

Annotations:
D:6 Dowan


Innate Abilities, Weirdness & Mutations

You are small and have problems with some larger weapons.
You are carnivorous and can eat meat at any time.
You are agile. (Dex +2)
You tend to lose your temper in combat.
Your mind is acute. (Int +2)
You are frail. (-10% HP)


Message History

The worker ant bites you but does no damage.
The orc wizard barely misses you.
The orc priest hits you from afar with a trident.
* * * LOW HITPOINT WARNING * * *
An adder skeleton comes into view.
Unknown command.
You feel better. The worker ant bites you.
* * * LOW HITPOINT WARNING * * *
The adder skeleton moves out of view.
The orc wizard hits you but does no damage.
The orc priest barely misses you.
Unknown command.
Okay, then.
You fail to use your ability.
The worker ant closely misses you. The orc wizard misses you.
The worker ant bites you.
* * * LOW HITPOINT WARNING * * *
Unknown command.
You fail to use your ability.
The orc priest barely misses you. The worker ant completely misses you.
The orc wizard hits you with a dagger.
You die...

# ### .##+#
#.###......
#######.@a..8....
......Zo##o...8.8
.................
.........##..####
......
.........a.....
.....#
##.#.#...Z.Z....
....#
#...###...o.....
....# ##.
......... ....##
#. .......


You could see a worker ant, an orc priest, an orc wizard and a killer bee
zombie.

Vanquished Creatures
  Grinder (D:5)
  Menkaure (D:4)
  An ice beast (D:5)
  3 crimson imps
  A quasit (D:6)
  A bullfrog skeleton (D:4)
  An iguana (D:3)
  5 orc wizards
  2 worker ants
  7 adders
  A howler monkey skeleton (D:4)
  An ooze (D:3)
  An adder skeleton (D:4)
  A worm (D:2)
  5 dart slugs
  3 leopard geckos
  13 orcs
  4 giant cockroaches
  9 goblins
  14 hobgoblins
  12 jackals
  6 quokkas
  A ball python (D:4)
  8 bats
  4 frilled lizards
  6 kobolds
  A leopard gecko skeleton (D:5)
  A quokka zombie (D:5)
  11 rats
125 creatures vanquished.

Notes
Turn   | Place    | Note
-------+----------+-------------------------------------------
     0 | D:1      | Gorglomux the Kobold Enchanter began the quest for the Orb.
     0 | D:1      | Reached XP level 1. HP: 10/10 MP: 3/3
   236 | D:1      | Reached XP level 2. HP: 3/15 MP: 3/5
   661 | D:1      | Learned a level 2 spell: Ensorcelled Hibernation
   869 | D:1      | Reached skill level 3 in Short Blades
   897 | D:1      | Reached XP level 3. HP: 19/19 MP: 6/6
   916 | D:1      | Learned a level 3 spell: Confuse
  1553 | D:2      | Reached skill level 5 in Stealth
  1719 | D:2      | Reached XP level 4. HP: 14/24 MP: 7/7
  2081 | D:2      | Gained mutation: You are frail. (-10% HP) [potion of mutation]
  2081 | D:2      | Gained mutation: You are partially covered in icy blue scales. (AC +2) [potion of mutation]
  2081 | D:2      | Gained mutation: You are agile. (Dex +2) [potion of mutation]
  2094 | D:2      | HP: 1/21 [poisoned by an adder]
  2401 | D:2      | Lost mutation: You are frail. (-10% HP) [potion of mutation]
  2401 | D:2      | Lost mutation: You are agile. (Dex +2) [potion of mutation]
  2401 | D:2      | Lost mutation: You are partially covered in icy blue scales. (AC +2) [potion of mutation]
  2401 | D:2      | Gained mutation: You tend to lose your temper in combat. [potion of mutation]
  2401 | D:2      | Gained mutation: Your mind is acute. (Int +2) [potion of mutation]
  2401 | D:2      | Gained mutation: You are frail. (-10% HP) [potion of mutation]
  2401 | D:2      | Gained mutation: You are agile. (Dex +2) [potion of mutation]
  2475 | D:2      | Found a sacrificial altar of Ru.
  2489 | D:2      | Reached XP level 5. HP: 14/25 MP: 2/8
  2552 | D:2      | Reached skill level 6 in Stealth
  2680 | D:2      | Found a hide-covered altar of Uskayaw.
  2733 | D:2      | Became a worshipper of Uskayaw the Reveler
  3011 | D:2      | Reached * piety under Uskayaw
  3050 | D:2      | Found a deep blue altar of Sif Muna.
  3455 | D:3      | Found a faded altar of an unknown god.
  3509 | D:3      | Reached ** piety under Uskayaw
  3523 | D:3      | Reached XP level 6. HP: 24/28 MP: 9/9
  3610 | D:3      | Found an iron altar of Okawaru.
  3678 | D:3      | Reached skill level 7 in Stealth
  4183 | D:4      | Found an opulent altar of Gozag.
  4242 | D:4      | Found a staircase to the Ecumenical Temple.
  4291 | D:4      | Noticed Menkaure
  4293 | D:4      | Killed Menkaure
  4293 | D:4      | Reached skill level 6 in Short Blades
  4293 | D:4      | Reached XP level 7. HP: 32/32 MP: 10/10
  4560 | D:4      | Reached skill level 8 in Stealth
  4655 | D:5      | Entered Level 5 of the Dungeon
  4665 | D:5      | Noticed Grinder
  4730 | D:5      | Killed Grinder
  4922 | D:5      | Reached skill level 9 in Stealth
  4929 | D:5      | Reached *** piety under Uskayaw
  4995 | D:5      | Reached XP level 8. HP: 33/36 MP: 11/11
  5628 | D:6      | Noticed Dowan
  5647 | D:6      | Reached skill level 10 in Stealth
  5877 | D:6      | Slain by an orc wizard

Skill      XL: |  1  2  3  4  5  6  7  8 |
---------------+-------------------------+-----
Short Blades   | 2 3 4 5 6 7 8 |  8.5
Stealth        | 5 6 7 9 10 | 10.0
Dodging        | |  2.4
Spellcasting   | |  2.1
Hexes          | |  3.0

Action                   |  1- 3 |  4- 6 |  7- 9 || total
-------------------------+-------+-------+-------++-------
Melee: Dagger            |   151 |   169 |   130 ||   450
 Cast: Corona            |     6 |       |       ||     6
       Ensorcelled Hiber |    12 |    14 |       ||    26
       Confuse           |       |     1 |     4 ||     5
 Abil: Evoke Berserk Rag |       |       |     3 ||     3
  Use: Potion            |     1 |     5 |     4 ||    10
       Scroll            |       |       |     5 ||     5
 Stab: Sleeping          |    12 |    20 |     6 ||    38
       Paralysed         |       |     1 |     2 ||     3
       Distracted        |       |       |     1 ||     1
  Eat: Chunk             |    12 |    10 |     5 ||    27
Armor: Robe              |    17 |    17 |    25 ||    59
       Skin              |       |       |     5 ||     5
Dodge: Dodged            |   103 |   105 |    88 ||   296
